Canucks vs Flames
Created - November 2, 2018 at 19:08
Goals
|
| Canucks |
1 |
1 |
3 |
5 |
| Flames |
2 |
0 |
2 |
4 |
|
Shots
|
| Canucks |
14 |
8 |
13 |
35 |
| Flames |
9 |
13 |
15 |
37 |
|
1st period
1. Flames , Alexander Semin 6 (Eric Staal 5, Erik Johnson 5) at 7:55 (PP)
2. Flames , Patrik Berglund 3 (Peter Prucha 2, Brad Marchand 4) at 15:05
3. Canucks , Brad Boyes 5 (Matt Stajan 12, Clarke MacArthur 5) at 18:06 (PP)
Penalties :
Matt Stajan (Van) for Tripping (Minor) at 4:59, Matt Stajan (Van) for Slashing (Minor) at 7:36, Eric Staal (Cal) for Slashing (Minor) at 17:51
2nd period
4. Canucks , Ryan Hollweg 1 (Alex Goligoski 7, Martins Karsums 4) at 6:17
Penalties :
Eric Staal (Cal) for High sticking (Minor) at 10:22, Eric Staal (Cal) for Interference (Minor) at 17:12
3rd period
5. Flames , David Ullstrom 4 (Eric Staal 6) at 4:52
6. Flames , Jordin Tootoo 1 (Erik Johnson 6, David Backes 10) at 7:17 (PP)
7. Canucks , Maxim Lapierre 3 (Danny DeKeiser 2, Johan Franzen 1) at 8:56
8. Canucks , Matt Stajan 4 (Brad Boyes 6) at 12:26
9. Canucks , Chris Higgins 5 (Chris Campoli 1) at 13:55
Penalties :
Eric Staal (Cal) for Interference (Minor) at 2:41, Chris Campoli (Van) for Tripping (Minor) at 6:42, Peter Worrell (Van) for Hooking (Minor) at 16:59
Goalie Stats
Alex Stalock (Van), 33 saves from 37 shots - (0.892), W, 1-0-0, 60:00 minutes
Pekka Rinne (Cal), 30 saves from 35 shots - (0.857), L, 2-6-0, 59:10 minutes
Players Stats for Canucks
Player Name G A P +/- PIM S H SB GA TA FO MP PP MP PK MP
------------------------------------------------------------------------------------
Alex Goligoski 0 1 1 -1 0 4 1 3 4 1 0/0 29:45 2:56 3:02
Brad Boyes 1 1 2 1 0 5 0 0 0 0 5/10 24:30 3:12 2:58
Chris Campoli 0 1 1 2 2 1 2 1 1 0 0/0 18:45 2:48 1:01
Chris Higgins 1 0 1 0 0 4 1 0 0 2 0/0 18:02 2:54 1:47
Clarke MacArthur 0 1 1 1 0 1 1 0 0 0 3/5 22:48 3:12 1:12
Danny DeKeiser 0 1 1 1 0 1 1 1 0 1 0/0 10:40 0:28 0:00
Jiri Hudler 0 0 0 0 0 0 1 0 0 0 0/0 16:12 2:54 0:00
Johan Franzen 0 1 1 0 0 1 1 0 0 0 1/1 11:37 0:06 0:00
Jonathan Blum 0 0 0 1 0 0 1 1 0 0 0/0 11:29 0:28 0:49
Ladislav Smid 0 0 0 2 0 1 0 1 0 0 0/0 19:35 2:48 1:50
Martins Karsums 0 1 1 1 0 0 0 0 1 0 0/0 5:43 0:00 0:00
Matt Stajan 1 1 2 1 4 2 0 0 3 0 19/38 23:17 3:12 1:46
Maxim Lapierre 1 0 1 0 0 3 0 1 0 0 4/6 11:44 0:06 0:06
Michael Latta 0 0 0 1 0 0 0 1 0 0 1/2 6:28 0:00 0:45
Nik Antropov 0 0 0 0 0 4 0 2 0 0 2/8 16:12 2:54 0:00
Peter Worrell 0 0 0 0 2 3 2 0 0 0 0/1 11:39 0:06 0:00
Ryan Hollweg 1 0 1 1 0 2 0 0 1 1 0/0 6:53 0:00 1:10
Steve Montador 0 0 0 -1 0 3 0 3 1 1 0/0 29:45 2:56 3:02
Players Stats for Flames
Player Name G A P +/- PIM S H SB GA TA FO MP PP MP PK MP
------------------------------------------------------------------------------------
Alexander Semin 1 0 1 0 0 3 2 1 0 1 0/0 13:24 1:19 1:00
Brad Marchand 0 1 1 0 0 3 1 0 1 0 1/1 21:05 1:55 2:57
Brendan Mikkelson 0 0 0 -1 0 3 0 1 0 1 0/0 14:55 0:00 2:33
Colin Wilson 0 0 0 -1 0 2 1 0 1 0 3/7 10:28 0:00 1:29
David Backes 0 1 1 -1 0 3 2 1 0 2 0/2 21:05 3:09 0:00
David Ullstrom 1 0 1 0 0 1 0 2 0 0 0/1 9:20 0:00 0:09
Derek Meech 0 0 0 -1 0 4 2 1 1 0 0/0 22:09 1:52 3:39
Eric Staal 0 2 2 0 8 3 1 0 0 1 22/36 22:36 3:09 0:00
Erik Johnson 0 2 2 0 0 2 1 2 1 1 0/0 22:56 3:00 0:00
Jonathan Ferland 0 0 0 0 0 1 0 0 0 0 0/1 11:24 0:18 2:50
Jordin Tootoo 1 0 1 -2 0 3 1 0 0 0 0/0 13:30 2:40 0:00
Mikhail Grabovski 0 0 0 -1 0 1 0 0 1 0 1/6 12:16 0:18 3:07
Patrik Berglund 1 0 1 0 0 1 1 0 1 0 8/16 16:20 1:25 0:00
Peter Prucha 0 1 1 0 0 0 2 0 0 0 1/1 12:58 0:00 0:00
Sami Vatanen 0 0 0 0 0 1 0 0 0 0 0/0 21:52 1:52 0:00
Steve Eminger 0 0 0 -1 0 2 0 1 0 1 0/0 20:09 0:00 3:39
Steve Regier 0 0 0 -1 0 1 0 0 0 1 0/0 9:18 0:23 0:52
Tom Poti 0 0 0 -1 0 3 2 2 0 3 0/0 17:59 3:00 2:33
3 Stars
1 - Brad Boyes (Van)
2 - Ryan Hollweg (Van)
3 - Chris Higgins (Van)
Power Play
Canucks - 1 on 4 Attempt(s) - 25.00%
Flames - 2 on 4 Attempt(s) - 50.00%
Penalty Kill
Canucks - 2 on 4 Attempt(s) - 50.00%
- Score 0 goal in Penalty Kill
Flames - 3 on 4 Attempt(s) - 75.00%
- Score 0 goal in Penalty Kill
Team Stat
Canucks - Hits : 11 - Faceoff Wins : 35 - Blocked Shots : 14 - Penalty Minutes : 8
Flames - Hits : 16 - Faceoff Wins : 36 - Blocked Shots : 11 - Penalty Minutes : 8
Official
Referees : Unknown
Linesman : Unknown
Game Notes
Alexander Semin is injured at 16:05 of 2nd period (Bruised Left Shoulder)
Chris Campoli is injured at 17:12 of 3rd period (Broken Bone (Right Ankle))
Finance
Level 1 -- Attendance: 5698 (94.97%) -- Ticket Income $518,518
Level 2 -- Attendance: 4903 (98.06%) -- Ticket Income $279,471
Level 3 -- Attendance: 1771 (88.55%) -- Ticket Income $67,298
Level 4 -- Attendance: 3374 (84.35%) -- Ticket Income $94,472
Luxury Box -- Attendance: 941 (94.10%) -- Ticket Income $154,324
Game was played at the Metal Center.
Total Attendance: 16687 (92.71%)
Total Ticket Income: $1,114,083
Other Income: $167,112
Total Income: $1,281,195
Canucks
5 vs 5 Forward
Center Left Wing Right Wing Time % Phy DF OF
1 Matt Stajan Clarke MacArthur Brad Boyes 40 1 2 2
2 Nik Antropov Chris Higgins Jiri Hudler 30 1 2 2
3 Maxim Lapierre Peter Worrell Johan Franzen 20 1 2 2
4 Michael Latta Ryan Hollweg Martins Karsums 10 1 2 2
5 vs 5 Defense
Defense Defense Time % Phy DF OF
1 Alex Goligoski Steve Montador 40 1 2 2
2 Ladislav Smid Chris Campoli 30 1 2 2
3 Danny DeKeiser Jonathan Blum 20 1 2 2
4 Alex Goligoski Steve Montador 10 1 2 2
PowerPlay Forward
Center Left Wing Right Wing Time % Phy DF OF
1 Matt Stajan Clarke MacArthur Brad Boyes 60 1 2 2
2 Nik Antropov Chris Higgins Jiri Hudler 40 1 2 2
PowerPlay Defense
Defense Defense Time % Phy DF OF
1 Alex Goligoski Steve Montador 60 1 2 2
2 Ladislav Smid Chris Campoli 40 1 2 2
Penalty Kill 4 Players Forward
Center Wing Time % Phy DF OF
1 Brad Boyes Matt Stajan 60 1 2 2
2 Clarke MacArthur Chris Higgins 40 1 2 2
Penalty Kill 4 Players Defense
Defense Defense Time % Phy DF OF
1 Alex Goligoski Steve Montador 60 1 2 2
2 Ladislav Smid Chris Campoli 40 1 2 2
Penalty Kill - 3 Players Forward
Forward Time % Phy DF OF
1 Brad Boyes 60 1 2 2
2 Matt Stajan 40 1 2 2
Penalty Kill - 3 Players Defense
Defense Defense Time % Phy DF OF
1 Alex Goligoski Steve Montador 60 1 2 2
2 Ladislav Smid Chris Campoli 40 1 2 2
4 vs 4 Forward
Center Wing Time % Phy DF OF
1 Brad Boyes Matt Stajan 60 1 2 2
2 Clarke MacArthur Chris Higgins 40 1 2 2
4 vs 4 Defense
Defense Defense Time % Phy DF OF
1 Alex Goligoski Steve Montador 60 1 2 2
2 Ladislav Smid Chris Campoli 40 1 2 2
Last Minutes Offensive
Center Left Wing Right Wing Defense Defense
Matt Stajan Clarke MacArthur Brad Boyes Alex Goligoski Steve Montador
Last Minutes Defensive
Center Left Wing Right Wing Defense Defense
Matt Stajan Clarke MacArthur Brad Boyes Alex Goligoski Steve Montador
Goaltenders
Starting : Alex Stalock
Backup : Michal Neuvirth
Extra Forwards
Normal : Peter Worrell, Maxim Lapierre, Ryan Hollweg - PP : Peter Worrell, Maxim Lapierre - PK : Ryan Hollweg
Extra Defensemen
Normal : Danny DeKeiser, Jonathan Blum, Ladislav Smid - PP : Danny DeKeiser - PK : Jonathan Blum, Ladislav Smid
Penalty Shots
Brad Boyes, Matt Stajan, Clarke MacArthur, Chris Higgins, Nik Antropov
Scratches
Mike Ribeiro (Fractured Bone in Left Hand Injury), Jamie McBain (Sprained Left Finger Injury)
Flames
5 vs 5 Forward
Center Left Wing Right Wing Time % Phy DF OF
1 Eric Staal Alexander Semin David Backes 40 0 2 3
2 Patrik Berglund Brad Marchand Peter Prucha 33 0 2 3
3 Colin Wilson David Ullstrom Jordin Tootoo 19 0 2 3
4 Mikhail Grabovski Steve Regier Jonathan Ferland 8 0 2 3
5 vs 5 Defense
Defense Defense Time % Phy DF OF
1 Erik Johnson Sami Vatanen 38 1 2 2
2 Derek Meech Steve Eminger 29 1 2 2
3 Brendan Mikkelson Tom Poti 23 1 2 2
4 Derek Meech Steve Eminger 10 1 2 2
PowerPlay Forward
Center Left Wing Right Wing Time % Phy DF OF
1 Eric Staal Alexander Semin David Backes 60 1 1 3
2 Patrik Berglund Brad Marchand Jordin Tootoo 40 1 1 3
PowerPlay Defense
Defense Defense Time % Phy DF OF
1 Erik Johnson Tom Poti 60 1 1 3
2 Derek Meech Sami Vatanen 40 1 1 3
Penalty Kill 4 Players Forward
Center Wing Time % Phy DF OF
1 Eric Staal Brad Marchand 50 1 3 1
2 Mikhail Grabovski Alexander Semin 50 1 3 1
Penalty Kill 4 Players Defense
Defense Defense Time % Phy DF OF
1 Derek Meech Steve Eminger 58 1 3 1
2 Brendan Mikkelson Tom Poti 42 1 3 1
Penalty Kill - 3 Players Forward
Forward Time % Phy DF OF
1 Eric Staal 50 1 3 1
2 David Backes 50 1 3 1
Penalty Kill - 3 Players Defense
Defense Defense Time % Phy DF OF
1 Derek Meech Steve Eminger 58 1 3 1
2 Brendan Mikkelson Tom Poti 42 1 3 1
4 vs 4 Forward
Center Wing Time % Phy DF OF
1 Eric Staal David Backes 60 1 2 2
2 Patrik Berglund Alexander Semin 40 1 2 2
4 vs 4 Defense
Defense Defense Time % Phy DF OF
1 Erik Johnson Sami Vatanen 60 1 2 2
2 Derek Meech Steve Eminger 40 1 2 2
Last Minutes Offensive
Center Left Wing Right Wing Defense Defense
Eric Staal Alexander Semin David Backes Erik Johnson Sami Vatanen
Last Minutes Defensive
Center Left Wing Right Wing Defense Defense
Eric Staal Alexander Semin David Backes Derek Meech Steve Eminger
Goaltenders
Starting : Pekka Rinne
Backup : Jonas Gustavsson
Extra Forwards
Normal : Brad Marchand, Jordin Tootoo, Patrik Berglund - PP : Jordin Tootoo, Brad Marchand - PK : Jonathan Ferland
Extra Defensemen
Normal : Derek Meech, Steve Eminger, Brendan Mikkelson - PP : Derek Meech - PK : Erik Johnson, Brendan Mikkelson
Penalty Shots
Eric Staal, Alexander Semin, David Backes, Brad Marchand, Jordin Tootoo
Scratches
Vladimir Zharkov (Healthy)
% Time on Ice - Canucks
Lines # - Real PCT - Wanted PCT - Time Play
Normal Forward
1 - 37% - 40% - 17:35
2 - 28% - 30% - 13:21
3 - 24% - 20% - 11:19
4 - 12% - 10% - 5:43
Normal Defense
1 - 42% - 40% - 20:16
2 - 31% - 30% - 14:57
3 - 21% - 20% - 10:10
4 - 5% - 10% - 2:35
PP Forward
1 - 53% - 60% - 3:18
2 - 47% - 40% - 2:54
PP Defense
1 - 55% - 60% - 3:24
2 - 45% - 40% - 2:48
PK Forward
1 - 82% - 60% - 4:00
2 - 18% - 40% - 0:52
PK Defense
1 - 62% - 60% - 3:02
2 - 38% - 40% - 1:50
PK3 Forward
1 - 0% - 60%
2 - 0% - 40%
PK3 Defense
1 - 0% - 60%
2 - 0% - 40%
44 Forward
1 - 0% - 60%
2 - 0% - 40%
44 Defense
1 - 0% - 60%
2 - 0% - 40%
Last Minute Offensive - 0:00
Last Minute Defensive - 0:58
Total
Forward - 60:00
Defense - 60:00
|
% Time on Ice - Flames
Lines # - Real PCT - Wanted PCT - Time Play
Normal Forward
1 - 37% - 40% - 17:54
2 - 29% - 33% - 13:46
3 - 19% - 19% - 8:59
4 - 15% - 8% - 7:16
Normal Defense
1 - 40% - 38% - 19:09
2 - 29% - 29% - 13:57
3 - 24% - 23% - 11:29
4 - 7% - 10% - 3:20
PP Forward
1 - 71% - 60% - 3:27
2 - 29% - 40% - 1:25
PP Defense
1 - 62% - 60% - 3:00
2 - 38% - 40% - 1:52
PK Forward
1 - 50% - 50% - 3:06
2 - 50% - 50% - 3:06
PK Defense
1 - 59% - 58% - 3:39
2 - 41% - 42% - 2:33
PK3 Forward
1 - 0% - 50%
2 - 0% - 50%
PK3 Defense
1 - 0% - 58%
2 - 0% - 42%
44 Forward
1 - 0% - 60%
2 - 0% - 40%
44 Defense
1 - 0% - 60%
2 - 0% - 40%
Last Minute Offensive - 1:01
Last Minute Defensive - 0:00
Total
Forward - 60:00
Defense - 60:00
|
Play by Play
1st period
0:01 of 1st period - Eric Staal wins face-off versus Matt Stajan in neutral zone.
0:10 of 1st period - Snap shot by David Backes.
0:10 of 1st period - Deflect By Alexander Semin.
0:10 of 1st period - Shot Blocked by Alex Goligoski.
0:10 of 1st period - Puck is out of play.
0:11 of 1st period - Patrik Berglund wins face-off versus Nik Antropov in Canucks zone.
0:16 of 1st period - Wrist shot by Brad Marchand.
0:16 of 1st period - Stopped by Alex Stalock with a rebound.
0:18 of 1st period - Slapshot by Derek Meech.
0:18 of 1st period - Deflect By Chris Higgins.
0:18 of 1st period - Stopped by Alex Stalock with a rebound.
0:20 of 1st period - Snap shot by Brad Marchand.
0:20 of 1st period - Shot Blocked by Ladislav Smid.
0:22 of 1st period - Slapshot by Derek Meech.
0:22 of 1st period - Stopped by Alex Stalock with a rebound.
0:36 of 1st period - Steve Eminger is hit by Peter Worrell and loses puck.
1:01 of 1st period - Snap shot by Martins Karsums.
1:01 of 1st period - Shot Blocked by Brendan Mikkelson.
1:09 of 1st period - Snap shot by Tom Poti.
1:09 of 1st period - Shot Blocked by Michael Latta.
1:25 of 1st period - Erik Johnson is hit by Danny DeKeiser and loses puck.
1:42 of 1st period - Jiri Hudler is hit by Patrik Berglund and loses puck.
2:10 of 1st period - Wrist shot by David Backes.
2:10 of 1st period - Shot Blocked by Steve Montador.
3:04 of 1st period - Snap shot by Brad Marchand.
3:04 of 1st period - Stopped by Alex Stalock without a rebound.
3:05 of 1st period - Eric Staal wins face-off versus Nik Antropov in Canucks zone.
4:59 of 1st period - Minor Penalty to Matt Stajan for Tripping.
5:00 of 1st period - Brad Boyes wins face-off versus Eric Staal in Canucks zone.
5:10 of 1st period - Ryan Hollweg is hit by Tom Poti and loses puck.
6:59 of 1st period - Penalty to Matt Stajan is over, Matt Stajan is back on ice.
7:02 of 1st period - Icing by Clarke MacArthur.
7:03 of 1st period - Maxim Lapierre wins face-off versus Mikhail Grabovski in Canucks zone.
7:12 of 1st period - Slapshot by Jonathan Blum.
7:12 of 1st period - Shot Misses the Net.
7:36 of 1st period - Minor Penalty to Matt Stajan for Slashing.
7:37 of 1st period - Eric Staal wins face-off versus Clarke MacArthur in Canucks zone.
7:47 of 1st period - Off-side.
7:48 of 1st period - Eric Staal wins face-off versus Brad Boyes in neutral zone.
7:55 of 1st period - Wrist shot by Alexander Semin.
7:55 of 1st period - Goal by Alexander Semin - Canucks : 0 - Flames : 1.
7:56 of 1st period - Eric Staal wins face-off versus Matt Stajan in neutral zone.
8:59 of 1st period - Slapshot by Alex Goligoski.
8:59 of 1st period - Stopped by Pekka Rinne with a rebound.
9:01 of 1st period - Slapshot by Steve Montador.
9:01 of 1st period - Stopped by Pekka Rinne with a rebound.
9:03 of 1st period - Slapshot by Steve Montador.
9:03 of 1st period - Stopped by Pekka Rinne with a rebound.
9:31 of 1st period - Slapshot by Nik Antropov.
9:31 of 1st period - Stopped by Pekka Rinne without a rebound.
9:32 of 1st period - Eric Staal wins face-off versus Matt Stajan in Flames zone.
9:48 of 1st period - Wrist shot by Brad Boyes.
9:48 of 1st period - Stopped by Pekka Rinne without a rebound.
9:49 of 1st period - Colin Wilson wins face-off versus Peter Worrell in Flames zone.
10:04 of 1st period - Slapshot by Ladislav Smid.
10:04 of 1st period - Shot Blocked by David Ullstrom.
11:37 of 1st period - Jiri Hudler is hit by David Backes and loses puck.
12:18 of 1st period - Jonathan Blum is hit by Brad Marchand and loses puck.
12:39 of 1st period - Slapshot by Brad Boyes.
12:39 of 1st period - Stopped by Pekka Rinne without a rebound.
12:40 of 1st period - Matt Stajan wins face-off versus Colin Wilson in Flames zone.
12:41 of 1st period - Snap shot by Clarke MacArthur.
12:41 of 1st period - Stopped by Pekka Rinne without a rebound.
12:42 of 1st period - Eric Staal wins face-off versus Matt Stajan in Flames zone.
12:58 of 1st period - Icing by Alex Goligoski.
12:59 of 1st period - Brad Boyes wins face-off versus Patrik Berglund in Canucks zone.
13:08 of 1st period - Wrist shot by Clarke MacArthur.
13:08 of 1st period - Shot Blocked by Erik Johnson.
13:54 of 1st period - Wrist shot by Johan Franzen.
13:54 of 1st period - Stopped by Pekka Rinne without a rebound.
13:55 of 1st period - Eric Staal wins face-off versus Matt Stajan in Flames zone.
14:30 of 1st period - Snap shot by Chris Higgins.
14:30 of 1st period - Shot Misses the Net.
14:33 of 1st period - Icing by Derek Meech.
14:34 of 1st period - Nik Antropov wins face-off versus Patrik Berglund in Flames zone.
14:35 of 1st period - Wrist shot by Chris Higgins.
14:35 of 1st period - Shot Misses the Net.
14:45 of 1st period - Snap shot by Peter Prucha.
14:45 of 1st period - Shot Blocked by Nik Antropov.
15:03 of 1st period - Slapshot by Peter Prucha.
15:03 of 1st period - Shot Misses the Net.
15:05 of 1st period - Slapshot by Patrik Berglund.
15:05 of 1st period - Goal by Patrik Berglund - Canucks : 0 - Flames : 2.
15:06 of 1st period - Eric Staal wins face-off versus Matt Stajan in neutral zone.
15:11 of 1st period - Snap shot by Eric Staal.
15:11 of 1st period - Shot Misses the Net.
15:13 of 1st period - Wrist shot by David Backes.
15:13 of 1st period - Shot Misses the Net.
15:15 of 1st period - Snap shot by David Backes.
15:15 of 1st period - Deflect By Alexander Semin.
15:15 of 1st period - Shot Misses the Net.
15:15 of 1st period - Puck is out of play.
15:16 of 1st period - Matt Stajan wins face-off versus Eric Staal in Canucks zone.
15:29 of 1st period - Snap shot by Eric Staal.
15:29 of 1st period - Shot Misses the Net.
16:11 of 1st period - Wrist shot by Alexander Semin.
16:11 of 1st period - Deflect By Eric Staal.
16:11 of 1st period - Shot Misses the Net.
16:11 of 1st period - Puck is out of play.
16:12 of 1st period - Brad Marchand wins face-off versus Nik Antropov in Canucks zone.
16:21 of 1st period - Slapshot by Brad Marchand.
16:21 of 1st period - Shot Misses the Net.
16:40 of 1st period - Slapshot by Chris Higgins.
16:40 of 1st period - Stopped by Pekka Rinne with a rebound.
16:42 of 1st period - Snap shot by Chris Campoli.
16:42 of 1st period - Stopped by Pekka Rinne with a rebound.
16:44 of 1st period - Slapshot by Chris Campoli.
16:44 of 1st period - Shot Misses the Net.
16:46 of 1st period - Snap shot by Jiri Hudler.
16:46 of 1st period - Shot Misses the Net.
16:48 of 1st period - Slapshot by Ladislav Smid.
16:48 of 1st period - Shot Misses the Net.
16:50 of 1st period - Wrist shot by Chris Higgins.
16:50 of 1st period - Shot Misses the Net.
16:52 of 1st period - Slapshot by Ladislav Smid.
16:52 of 1st period - Deflect By Peter Prucha.
16:52 of 1st period - Stopped by Pekka Rinne with a rebound.
17:02 of 1st period - Snap shot by Jiri Hudler.
17:02 of 1st period - Shot Misses the Net.
17:04 of 1st period - Snap shot by Jiri Hudler.
17:04 of 1st period - Shot Hit the Post.
17:06 of 1st period - Slapshot by Nik Antropov.
17:06 of 1st period - Stopped by Pekka Rinne with a rebound.
17:08 of 1st period - Slapshot by Nik Antropov.
17:08 of 1st period - Stopped by Pekka Rinne without a rebound.
17:09 of 1st period - Maxim Lapierre wins face-off versus Colin Wilson in Flames zone.
17:12 of 1st period - Slapshot by Maxim Lapierre.
17:12 of 1st period - Shot Blocked by David Ullstrom.
17:18 of 1st period - Wrist shot by Colin Wilson.
17:18 of 1st period - Deflect By Maxim Lapierre.
17:18 of 1st period - Shot Blocked by Alex Goligoski.
17:18 of 1st period - Puck is out of play.
17:19 of 1st period - Johan Franzen wins face-off versus Colin Wilson in Canucks zone.
17:19 of 1st period - Johan Franzen is hit by Erik Johnson.
17:34 of 1st period - Slapshot by Erik Johnson.
17:34 of 1st period - Deflect By Jordin Tootoo.
17:34 of 1st period - Shot Misses the Net.
17:34 of 1st period - Puck is out of play.
17:35 of 1st period - Eric Staal wins face-off versus Brad Boyes in Canucks zone.
17:51 of 1st period - Minor Penalty to Eric Staal for Slashing.
17:52 of 1st period - Matt Stajan wins face-off versus Jonathan Ferland in Flames zone.
18:06 of 1st period - Snap shot by Brad Boyes.
18:06 of 1st period - Goal by Brad Boyes - Canucks : 1 - Flames : 2.
18:07 of 1st period - Eric Staal wins face-off versus Matt Stajan in neutral zone.
18:15 of 1st period - Off-side.
18:16 of 1st period - Matt Stajan wins face-off versus Eric Staal in neutral zone.
18:26 of 1st period - Snap shot by Eric Staal.
18:26 of 1st period - Stopped by Alex Stalock without a rebound.
18:27 of 1st period - Eric Staal wins face-off versus Matt Stajan in Canucks zone.
18:30 of 1st period - Slapshot by Alexander Semin.
18:30 of 1st period - Stopped by Alex Stalock with a rebound.
18:32 of 1st period - Backhand shot by David Backes.
18:32 of 1st period - Shot Misses the Net.
18:34 of 1st period - Slapshot by Steve Eminger.
18:34 of 1st period - Deflect By David Backes.
18:34 of 1st period - Stopped by Alex Stalock without a rebound.
18:35 of 1st period - Eric Staal wins face-off versus Clarke MacArthur in Canucks zone.
19:22 of 1st period - Slapshot by Maxim Lapierre.
19:22 of 1st period - Shot Misses the Net.
19:43 of 1st period - Snap shot by Brad Marchand.
19:43 of 1st period - Deflect By Peter Prucha.
19:43 of 1st period - Shot Misses the Net.
19:43 of 1st period - Puck is out of play.
19:44 of 1st period - Matt Stajan wins face-off versus Patrik Berglund in Canucks zone.
Goals for this period are 1 for Canucks vs 2 for Flames.
Shots for this period are 14 for Canucks vs 9 for Flames.
2nd period
0:01 of 2nd period - Matt Stajan wins face-off versus Eric Staal in neutral zone.
0:09 of 2nd period - Icing by Eric Staal.
0:10 of 2nd period - Eric Staal wins face-off versus Matt Stajan in Flames zone.
0:19 of 2nd period - Snap shot by Eric Staal.
0:19 of 2nd period - Shot Misses the Net.
0:21 of 2nd period - Snap shot by Alexander Semin.
0:21 of 2nd period - Deflect By Matt Stajan.
0:21 of 2nd period - Shot Misses the Net.
0:21 of 2nd period - Puck is out of play.
0:22 of 2nd period - Patrik Berglund wins face-off versus Matt Stajan in Canucks zone.
0:53 of 2nd period - Snap shot by Nik Antropov.
0:53 of 2nd period - Stopped by Pekka Rinne with a rebound.
2:22 of 2nd period - Wrist shot by Chris Higgins.
2:22 of 2nd period - Shot Misses the Net.
2:24 of 2nd period - Snap shot by Danny DeKeiser.
2:24 of 2nd period - Stopped by Pekka Rinne with a rebound.
2:55 of 2nd period - Snap shot by Steve Regier.
2:55 of 2nd period - Shot Misses the Net.
3:13 of 2nd period - Peter Prucha is hit by Chris Campoli and loses puck.
3:20 of 2nd period - Brad Boyes is hit by Peter Prucha and loses puck.
4:01 of 2nd period - Slapshot by Jordin Tootoo.
4:01 of 2nd period - Stopped by Alex Stalock with a rebound.
4:39 of 2nd period - Snap shot by Steve Regier.
4:39 of 2nd period - Shot Misses the Net.
4:41 of 2nd period - Slapshot by Derek Meech.
4:41 of 2nd period - Shot Blocked by Maxim Lapierre.
5:09 of 2nd period - Snap shot by Brad Boyes.
5:09 of 2nd period - Stopped by Pekka Rinne without a rebound.
5:10 of 2nd period - Peter Prucha wins face-off versus Nik Antropov in Flames zone.
6:02 of 2nd period - Wrist shot by Steve Regier.
6:02 of 2nd period - Stopped by Alex Stalock without a rebound.
6:03 of 2nd period - Michael Latta wins face-off versus Mikhail Grabovski in Canucks zone.
6:03 of 2nd period - Michael Latta is hit by Derek Meech.
6:17 of 2nd period - Wrist shot by Ryan Hollweg.
6:17 of 2nd period - Goal by Ryan Hollweg - Canucks : 2 - Flames : 2.
6:18 of 2nd period - Eric Staal wins face-off versus Brad Boyes in neutral zone.
6:27 of 2nd period - Slapshot by David Backes.
6:27 of 2nd period - Shot Misses the Net.
6:29 of 2nd period - Slapshot by Alexander Semin.
6:29 of 2nd period - Stopped by Alex Stalock without a rebound.
6:30 of 2nd period - Eric Staal wins face-off versus Brad Boyes in Canucks zone.
7:03 of 2nd period - Icing by Derek Meech.
7:04 of 2nd period - Patrik Berglund wins face-off versus Maxim Lapierre in Flames zone.
7:50 of 2nd period - Snap shot by Maxim Lapierre.
7:50 of 2nd period - Stopped by Pekka Rinne without a rebound.
7:51 of 2nd period - Eric Staal wins face-off versus Matt Stajan in Flames zone.
8:16 of 2nd period - Chris Higgins is hit by Jordin Tootoo and loses puck.
8:27 of 2nd period - Snap shot by Colin Wilson.
8:27 of 2nd period - Shot Blocked by Steve Montador.
8:45 of 2nd period - Slapshot by Jonathan Ferland.
8:45 of 2nd period - Stopped by Alex Stalock with a rebound.
8:47 of 2nd period - Slapshot by Mikhail Grabovski.
8:47 of 2nd period - Shot Misses the Net.
9:05 of 2nd period - Jiri Hudler is hit by Alexander Semin and loses puck.
9:38 of 2nd period - Jordin Tootoo is hit by Chris Campoli.
10:22 of 2nd period - Minor Penalty to Eric Staal for High sticking.
10:23 of 2nd period - Matt Stajan wins face-off versus Mikhail Grabovski in Flames zone.
12:22 of 2nd period - Penalty to Eric Staal is over, Eric Staal is back on ice.
12:32 of 2nd period - Mikhail Grabovski is hit by Jonathan Blum and loses puck.
13:22 of 2nd period - Michael Latta is hit by Tom Poti and loses puck.
13:40 of 2nd period - Slapshot by Tom Poti.
13:40 of 2nd period - Shot Misses the Net.
15:21 of 2nd period - Slapshot by Peter Worrell.
15:21 of 2nd period - Stopped by Pekka Rinne without a rebound.
15:22 of 2nd period - Maxim Lapierre wins face-off versus Patrik Berglund in Flames zone.
15:46 of 2nd period - Off-side.
15:47 of 2nd period - Eric Staal wins face-off versus Matt Stajan in neutral zone.
15:50 of 2nd period - Steve Montador is hit by Alexander Semin and loses puck.
15:57 of 2nd period - Slapshot by Alex Goligoski.
15:57 of 2nd period - Stopped by Pekka Rinne without a rebound.
15:58 of 2nd period - Matt Stajan wins face-off versus Eric Staal in Flames zone.
16:03 of 2nd period - Slapshot by Matt Stajan.
16:03 of 2nd period - Stopped by Pekka Rinne with a rebound.
16:05 of 2nd period - Slapshot by Steve Montador.
16:05 of 2nd period - Shot Blocked by Alexander Semin.
16:05 of 2nd period - Alexander Semin from Flames is injured at 16:05 of 2nd period (Bruised Left Shoulder).
16:06 of 2nd period - Eric Staal wins face-off versus Matt Stajan in Flames zone.
16:39 of 2nd period - Snap shot by Jordin Tootoo.
16:39 of 2nd period - Stopped by Alex Stalock with a rebound.
16:41 of 2nd period - Snap shot by Colin Wilson.
16:41 of 2nd period - Shot Misses the Net.
16:43 of 2nd period - Slapshot by Sami Vatanen.
16:43 of 2nd period - Deflect By Alex Goligoski.
16:43 of 2nd period - Stopped by Alex Stalock without a rebound.
16:44 of 2nd period - Clarke MacArthur wins face-off versus Patrik Berglund in Canucks zone.
16:57 of 2nd period - Slapshot by Clarke MacArthur.
16:57 of 2nd period - Shot Blocked by Erik Johnson.
17:12 of 2nd period - Minor Penalty to Eric Staal for Interference.
17:13 of 2nd period - Clarke MacArthur wins face-off versus Mikhail Grabovski in Flames zone.
17:58 of 2nd period - Snap shot by Brad Marchand.
17:58 of 2nd period - Stopped by Alex Stalock without a rebound.
17:59 of 2nd period - Matt Stajan wins face-off versus Colin Wilson in Canucks zone.
18:29 of 2nd period - Snap shot by Steve Eminger.
18:29 of 2nd period - Stopped by Alex Stalock with a rebound.
19:12 of 2nd period - Penalty to Eric Staal is over, Eric Staal is back on ice.
19:12 of 2nd period - Mikhail Grabovski is hit by Chris Higgins and loses puck.
19:24 of 2nd period - Snap shot by Brendan Mikkelson.
19:24 of 2nd period - Shot Misses the Net.
19:26 of 2nd period - Slapshot by Brendan Mikkelson.
19:26 of 2nd period - Deflect By Chris Higgins.
19:26 of 2nd period - Stopped by Alex Stalock with a rebound.
19:28 of 2nd period - Wrist shot by Tom Poti.
19:28 of 2nd period - Stopped by Alex Stalock with a rebound.
19:38 of 2nd period - Eric Staal is hit by Jiri Hudler and loses puck.
19:47 of 2nd period - Slapshot by Brendan Mikkelson.
19:47 of 2nd period - Stopped by Alex Stalock with a rebound.
19:49 of 2nd period - Slapshot by Tom Poti.
19:49 of 2nd period - Shot Blocked by Chris Campoli.
19:51 of 2nd period - Snap shot by Mikhail Grabovski.
19:51 of 2nd period - Shot Blocked by Nik Antropov.
19:53 of 2nd period - Backhand shot by Jonathan Ferland.
19:53 of 2nd period - Shot Misses the Net.
19:55 of 2nd period - Slapshot by Tom Poti.
19:55 of 2nd period - Stopped by Alex Stalock with a rebound.
19:57 of 2nd period - Backhand shot by Brendan Mikkelson.
19:57 of 2nd period - Stopped by Alex Stalock with a rebound.
Goals for this period are 1 for Canucks vs 0 for Flames.
Shots for this period are 8 for Canucks vs 13 for Flames.
3rd period
0:01 of 3rd period - Matt Stajan wins face-off versus David Backes in neutral zone.
0:10 of 3rd period - Snap shot by Matt Stajan.
0:10 of 3rd period - Deflect By Clarke MacArthur.
0:10 of 3rd period - Shot Blocked by David Backes.
0:10 of 3rd period - Puck is out of play.
0:11 of 3rd period - Clarke MacArthur wins face-off versus David Backes in Flames zone.
0:15 of 3rd period - Off-side.
0:16 of 3rd period - Matt Stajan wins face-off versus Eric Staal in neutral zone.
0:21 of 3rd period - Slapshot by Alex Goligoski.
0:21 of 3rd period - Stopped by Pekka Rinne with a rebound.
0:48 of 3rd period - Slapshot by Erik Johnson.
0:48 of 3rd period - Stopped by Alex Stalock with a rebound.
1:06 of 3rd period - Slapshot by Peter Worrell.
1:06 of 3rd period - Shot Misses the Net.
1:08 of 3rd period - Snap shot by Peter Worrell.
1:08 of 3rd period - Stopped by Pekka Rinne with a rebound.
1:10 of 3rd period - Slapshot by Steve Montador.
1:10 of 3rd period - Deflect By Maxim Lapierre.
1:10 of 3rd period - Shot Blocked by Steve Eminger.
1:10 of 3rd period - Puck is out of play.
1:11 of 3rd period - Matt Stajan wins face-off versus Eric Staal in Flames zone.
1:26 of 3rd period - Backhand shot by Eric Staal.
1:26 of 3rd period - Stopped by Alex Stalock without a rebound.
1:27 of 3rd period - Colin Wilson wins face-off versus Nik Antropov in Canucks zone.
2:02 of 3rd period - Slapshot by Colin Wilson.
2:02 of 3rd period - Stopped by Alex Stalock with a rebound.
2:04 of 3rd period - Snap shot by Colin Wilson.
2:04 of 3rd period - Stopped by Alex Stalock with a rebound.
2:06 of 3rd period - Snap shot by Colin Wilson.
2:06 of 3rd period - Shot Misses the Net.
2:23 of 3rd period - Icing by Maxim Lapierre.
2:24 of 3rd period - Eric Staal wins face-off versus Maxim Lapierre in Canucks zone.
2:25 of 3rd period - Slapshot by David Backes.
2:25 of 3rd period - Shot Blocked by Alex Goligoski.
2:31 of 3rd period - Slapshot by Steve Montador.
2:31 of 3rd period - Stopped by Pekka Rinne with a rebound.
2:33 of 3rd period - Slapshot by Steve Montador.
2:33 of 3rd period - Shot Misses the Net.
2:35 of 3rd period - Wrist shot by Maxim Lapierre.
2:35 of 3rd period - Deflect By Eric Staal.
2:35 of 3rd period - Stopped by Pekka Rinne with a rebound.
2:37 of 3rd period - Slapshot by Alex Goligoski.
2:37 of 3rd period - Deflect By Maxim Lapierre.
2:37 of 3rd period - Shot Blocked by Derek Meech.
2:37 of 3rd period - Puck is out of play.
2:38 of 3rd period - Matt Stajan wins face-off versus Eric Staal in Flames zone.
2:39 of 3rd period - Snap shot by Clarke MacArthur.
2:39 of 3rd period - Shot Misses the Net.
2:41 of 3rd period - Minor Penalty to Eric Staal for Interference.
2:42 of 3rd period - Matt Stajan wins face-off versus Mikhail Grabovski in Flames zone.
3:05 of 3rd period - Wrist shot by Chris Higgins.
3:05 of 3rd period - Stopped by Pekka Rinne with a rebound.
4:03 of 3rd period - Colin Wilson is hit by Alex Goligoski and loses puck.
4:41 of 3rd period - Penalty to Eric Staal is over, Eric Staal is back on ice.
4:52 of 3rd period - Snap shot by David Ullstrom.
4:52 of 3rd period - Goal by David Ullstrom - Canucks : 2 - Flames : 3.
4:53 of 3rd period - Matt Stajan wins face-off versus Eric Staal in neutral zone.
5:18 of 3rd period - Chris Campoli is hit by Colin Wilson and loses puck.
5:44 of 3rd period - Icing by Steve Montador.
5:45 of 3rd period - Mikhail Grabovski wins face-off versus Michael Latta in Canucks zone.
5:46 of 3rd period - Snap shot by Jonathan Ferland.
5:46 of 3rd period - Shot Misses the Net.
5:59 of 3rd period - Off-side.
6:00 of 3rd period - Patrik Berglund wins face-off versus Matt Stajan in neutral zone.
6:32 of 3rd period - Wrist shot by Chris Higgins.
6:32 of 3rd period - Shot Misses the Net.
6:42 of 3rd period - Minor Penalty to Chris Campoli for Tripping.
6:43 of 3rd period - Eric Staal wins face-off versus Brad Boyes in Canucks zone.
7:15 of 3rd period - Wrist shot by Erik Johnson.
7:15 of 3rd period - Stopped by Alex Stalock with a rebound.
7:17 of 3rd period - Snap shot by Erik Johnson.
7:17 of 3rd period - Deflect By Jordin Tootoo.
7:17 of 3rd period - Goal by Jordin Tootoo - Canucks : 2 - Flames : 4.
7:18 of 3rd period - Matt Stajan wins face-off versus Patrik Berglund in neutral zone.
7:50 of 3rd period - Snap shot by Peter Worrell.
7:50 of 3rd period - Stopped by Pekka Rinne without a rebound.
7:51 of 3rd period - Maxim Lapierre wins face-off versus Eric Staal in Flames zone.
8:15 of 3rd period - Eric Staal is hit by Peter Worrell and loses puck.
8:52 of 3rd period - Snap shot by Johan Franzen.
8:52 of 3rd period - Shot Blocked by Tom Poti.
8:56 of 3rd period - Snap shot by Maxim Lapierre.
8:56 of 3rd period - Goal by Maxim Lapierre - Canucks : 3 - Flames : 4.
8:57 of 3rd period - Patrik Berglund wins face-off versus Matt Stajan in neutral zone.
9:02 of 3rd period - Steve Montador is hit by Peter Prucha and loses puck.
9:45 of 3rd period - Slapshot by Alex Goligoski.
9:45 of 3rd period - Stopped by Pekka Rinne without a rebound.
9:46 of 3rd period - Nik Antropov wins face-off versus David Ullstrom in Flames zone.
10:53 of 3rd period - Snap shot by Steve Regier.
10:53 of 3rd period - Shot Misses the Net.
10:55 of 3rd period - Slapshot by Derek Meech.
10:55 of 3rd period - Stopped by Alex Stalock with a rebound.
11:05 of 3rd period - Wrist shot by Jordin Tootoo.
11:05 of 3rd period - Shot Misses the Net.
11:11 of 3rd period - Wrist shot by Colin Wilson.
11:11 of 3rd period - Shot Blocked by Jonathan Blum.
11:13 of 3rd period - Slapshot by Tom Poti.
11:13 of 3rd period - Shot Blocked by Danny DeKeiser.
11:25 of 3rd period - Peter Worrell is hit by David Backes and loses puck.
11:50 of 3rd period - Wrist shot by Ryan Hollweg.
11:50 of 3rd period - Stopped by Pekka Rinne with a rebound.
11:52 of 3rd period - Slapshot by Alex Goligoski.
11:52 of 3rd period - Shot Misses the Net.
12:14 of 3rd period - Wrist shot by Tom Poti.
12:14 of 3rd period - Stopped by Alex Stalock with a rebound.
12:26 of 3rd period - Slapshot by Matt Stajan.
12:26 of 3rd period - Goal by Matt Stajan - Canucks : 4 - Flames : 4.
12:27 of 3rd period - Patrik Berglund wins face-off versus Matt Stajan in neutral zone.
12:34 of 3rd period - Snap shot by Brad Marchand.
12:34 of 3rd period - Shot Misses the Net.
12:42 of 3rd period - Wrist shot by Clarke MacArthur.
12:42 of 3rd period - Shot Misses the Net.
13:03 of 3rd period - Wrist shot by Eric Staal.
13:03 of 3rd period - Deflect By David Backes.
13:03 of 3rd period - Shot Misses the Net.
13:03 of 3rd period - Puck is out of play.
13:04 of 3rd period - Matt Stajan wins face-off versus Eric Staal in Canucks zone.
13:11 of 3rd period - Wrist shot by Brad Boyes.
13:11 of 3rd period - Stopped by Pekka Rinne without a rebound.
13:12 of 3rd period - Matt Stajan wins face-off versus Eric Staal in Flames zone.
13:27 of 3rd period - Wrist shot by David Backes.
13:27 of 3rd period - Shot Blocked by Steve Montador.
13:29 of 3rd period - Slapshot by Derek Meech.
13:29 of 3rd period - Stopped by Alex Stalock with a rebound.
13:31 of 3rd period - Snap shot by David Backes.
13:31 of 3rd period - Stopped by Alex Stalock with a rebound.
13:33 of 3rd period - Slapshot by Steve Eminger.
13:33 of 3rd period - Shot Misses the Net.
13:35 of 3rd period - Wrist shot by David Backes.
13:35 of 3rd period - Shot Misses the Net.
13:37 of 3rd period - Wrist shot by Steve Eminger.
13:37 of 3rd period - Stopped by Alex Stalock with a rebound.
13:43 of 3rd period - Wrist shot by David Backes.
13:43 of 3rd period - Stopped by Alex Stalock without a rebound.
13:44 of 3rd period - Colin Wilson wins face-off versus Nik Antropov in Canucks zone.
13:53 of 3rd period - Snap shot by Chris Higgins.
13:53 of 3rd period - Stopped by Pekka Rinne with a rebound.
13:55 of 3rd period - Snap shot by Chris Higgins.
13:55 of 3rd period - Goal by Chris Higgins - Canucks : 5 - Flames : 4.
13:56 of 3rd period - Patrik Berglund wins face-off versus Matt Stajan in neutral zone.
14:05 of 3rd period - Off-side.
14:06 of 3rd period - Matt Stajan wins face-off versus Patrik Berglund in neutral zone.
14:11 of 3rd period - Snap shot by Clarke MacArthur.
14:11 of 3rd period - Shot Misses the Net.
14:29 of 3rd period - Icing by Steve Montador.
14:30 of 3rd period - Eric Staal wins face-off versus Matt Stajan in Canucks zone.
14:46 of 3rd period - Eric Staal is hit by Clarke MacArthur and loses puck.
15:39 of 3rd period - Jordin Tootoo is hit by Johan Franzen and loses puck.
15:56 of 3rd period - Backhand shot by Eric Staal.
15:56 of 3rd period - Stopped by Alex Stalock with a rebound.
16:10 of 3rd period - Snap shot by Michael Latta.
16:10 of 3rd period - Shot Blocked by Tom Poti.
16:59 of 3rd period - Minor Penalty to Peter Worrell for Hooking.
17:00 of 3rd period - Brad Boyes wins face-off versus Eric Staal in Canucks zone.
17:11 of 3rd period - Chris Campoli is hit by Derek Meech and loses puck.
17:12 of 3rd period - Chris Campoli from Canucks is injured at 17:12 of 3rd period (Broken Bone (Right Ankle)).
17:13 of 3rd period - Brad Boyes wins face-off versus Eric Staal in Canucks zone.
18:37 of 3rd period - Wrist shot by Mikhail Grabovski.
18:37 of 3rd period - Stopped by Alex Stalock without a rebound.
18:38 of 3rd period - Brad Boyes wins face-off versus Patrik Berglund in Canucks zone.
18:59 of 3rd period - Penalty to Peter Worrell is over, Peter Worrell is back on ice.
19:06 of 3rd period - Off-side.
19:07 of 3rd period - Lindy Ruff call a timeout for Flames.
19:07 of 3rd period - Patrik Berglund wins face-off versus Matt Stajan in neutral zone.
19:10 of 3rd period - Flames, Pekka Rinne is pulled from the net.
19:12 of 3rd period - Backhand shot by David Backes.
19:12 of 3rd period - Shot Misses the Net.
19:20 of 3rd period - Alex Goligoski is hit by Eric Staal and loses puck.
19:31 of 3rd period - Snap shot by Alex Goligoski.
19:31 of 3rd period - Shot Misses the Net.
Goals for this period are 3 for Canucks vs 2 for Flames.
Shots for this period are 13 for Canucks vs 15 for Flames.
Back to the Top